 Dungeon Crawl Stone Soup version 0.16.2-12-gd0ad4c3 (webtiles) character file.

57519 gffa the Fighter (level 14, -3/116 HPs)
             Began as a Minotaur Berserker on Sept 18, 2015.
             Was an Elder of Trog.
             Killed from afar by a green death (28 damage)
             ... with a poison arrow
             ... on level 1 of the Abyss on Sept 20, 2015.
             The game lasted 01:56:42 (17517 turns).

gffa the Fighter (Minotaur Berserker)              Turns: 17517, Time: 01:56:42

Health: -3/116     AC: 30    Str: 27    XL:     14   Next: 46%
Magic:  21/21      EV: 13    Int: 10    God:    Trog [****..]
Gold:   1048       SH:  0    Dex: 12    Spells: 0 memorised, 13 levels left

rFire  . . .     SeeInvis +     a - +10 scythe "Goblinslayer" {holy, rElec Int+2}
rCold  + + .     Clarity  .     i - +8 plate armour "Xyinker" {rElec rCorr Str+2 Int+4}
rNeg   . . .     SustAb   .     (no shield)
rPois  .         Gourm    .     P - +2 hat {rC+}
rElec  +         Spirit   .     (no cloak)
rCorr  +         Warding  .     r - +0 pair of gloves {rC+}
rMut   .         Rnd*Tele +     E - +1 pair of boots {Stlth+}
MR     ++...                    B - amulet of resist corrosion (curse)
Stlth  ..........               N - ring of see invisible
                                T - ring of protection from magic

@: lethally poisoned (-3 -> -51), exhausted, very slightly contaminated, slowed,
very slow, very resistant to hostile enchantments, extremely unstealthy
A: retaliatory headbutt, horns 2, deterioration 2, frail 1, low mp 1,
teleportitis 1, placid magic 1
a: Burn Spellbooks, Berserk, Trog's Hand, Brothers in Arms, Renounce Religion


You were on level 1 of the Abyss.
You worshipped Trog.
Trog was greatly pleased with you.
You were not hungry.

You visited 2 branches of the dungeon, and saw 16 of its levels.
You visited the Abyss 1 time.
You also visited: Ice Cave.

You collected 1200 gold pieces.
You spent 152 gold pieces at shops.

Inventory:

Hand weapons
 a - the +10 scythe "Goblinslayer" (weapon) {holy, rElec Int+2}
   (You bought it in a shop on level 5 of the Dungeon)

   It has been blessed by the Shining One to cause great damage to the undead
   and demons.
   It affects your intelligence (+2).
   It insulates you from electricity.
 F - a +6 glaive of freezing
 O - a +4 hunting sling of flaming
 X - a +1 dire flail of venom
Missiles
 f - 5 steel javelins (quivered)
 l - 11 tomahawks of returning
 Y - 3 steel tomahawks
Armour
 i - the +8 plate armour "Xyinker" (worn) {rElec rCorr Str+2 Int+4}
   (You found it on level 10 of the Dungeon)

   It affects your strength (+2).
   It affects your intelligence (+4).
   It insulates you from electricity.
   It protects you from acid and corrosion.
 r - a +0 pair of gloves of cold resistance (worn)
 E - a +1 pair of boots of stealth (worn)
 J - a troll hide
 L - a mottled dragon hide
 P - a +2 hat of cold resistance (worn)
 U - a +0 shield of cold resistance
Jewellery
 j - an uncursed ring of poison resistance
 B - a cursed amulet of resist corrosion (around neck)
 N - a ring of see invisible (right hand)
 T - a ring of protection from magic (left hand)
Magical devices
 e - a wand of magic darts (19)
 o - a wand of heal wounds (2)
 t - a wand of heal wounds (0)
 y - a wand of slowing (19)
 C - a wand of paralysis (13)
 G - a wand of frost (28)
 H - a wand of polymorph (8)
 K - a wand of fire (6)
 Z - a wand of polymorph (11)
Scrolls
 d - 2 scrolls of teleportation
 u - 4 scrolls of remove curse
 w - 3 scrolls of enchant weapon
 D - a scroll of identify
 Q - a scroll of recharging
 W - a scroll of enchant armour
Potions
 b - a potion of restore abilities {unknown}
 h - a potion of agility
 k - a potion of cancellation {unknown}
 m - a potion of experience {unknown}
 n - 6 potions of curing {unknown}
 p - a potion of cure mutation {unknown}
 v - 2 potions of lignification {unknown}
 z - 2 potions of resistance
 A - a potion of might {unknown}
 M - a potion of mutation {unknown}
 S - a potion of brilliance {unknown}
 V - a potion of haste
Miscellaneous
 I - a sack of spiders
 R - a disc of storms
Comestibles
 c - 4 bread rations
 g - a royal jelly
 q - 7 meat rations
 s - 32 fruits
 x - 2 slices of pizza


   Skills:
 + Level 13.5 Fighting
 - Level 6.4 Maces & Flails
 + Level 13.0 Polearms
 - Level 6.0 Throwing
 + Level 13.1 Armour
 + Level 12.0 Dodging
 - Level 1.2 Stealth
 + Level 10.9 Evocations


You had 13 spell levels left.
You didn't know any spells.

Dungeon Overview and Level Annotations

Branches:
Dungeon (15/15)            Temple (1/1) D:6            Lair (0/8) D:10
    Orc (0/4) D:12
 Vaults: D:13-14     Depths: D:15

Altars:
Ashenzari
Cheibriados
Dithmenos
Elyvilon
Fedhas
Gozag
Kikubaaqudgha
Makhleb
Nemelex Xobeh
Okawaru
Qazlal
Ru
Sif Muna
Trog
Vehumet
Xom
Yredelemnul
Zin
The Shining One

Shops:
D:5 (   D:7 (   D:9 (

Annotations:
D:13 2 runed doors


Innate Abilities, Weirdness & Mutations

You reflexively headbutt those who attack you in melee.
You have a pair of horns on your head.
[Your body is deteriorating.]
[You are frail (-10% HP).]
[Your magical capacity is low (-10% MP).]
[Space occasionally distorts in your vicinity.]
[Your spells are a little easier to cast, but a little less powerful.]


Message History

You slice the green death!!
The green death convulses!!
The green death is almost dead.
The green death gestures at you. The poison arrow hits you!
You are poisoned.
* * * LOW HITPOINT WARNING * * *
The green death hits you but does no damage.
Evoke which item? (* to show all) (? for menu, Esc to quit)
Zapping:
o - a wand of heal wounds (3)
Press: ? - help, Shift-Dir - straight line, f - you You feel much better.
This wand has 2 charges left.
You feel very sick. The green death gestures at you.
The bolt of poison hits you!
You are more poisoned.
* * * LOW HITPOINT WARNING * * *
The green death gestures at you. The poison arrow hits you!
You are lethally poisoned!
You die...

# # ## .#. .###.#
# #....###
...##.#....
.#.........# .....
#.....# #
.##...###..@#.#..#
# # ..
#..#..2....# .#
#...##......#..##
..##
#..........##..#
..§####........#
##.. §§#
##...#...... .##
##§####..###..####
. .§§.##..#...##
#. .#.... ......


You could see a green death.

Vanquished Creatures
  An Executioner (Abyss:1)
  A storm dragon (D:15)
  A revenant (Abyss:1)
  A fire dragon (D:15)
  A yaktaur captain (D:15)
  The ghost of alexspacey the Fighter, a powerful DsBe of Trog (D:11)
  2 centaur warriors (D:15)
  An ogre mage (D:15)
  4 hydras (D:15)
  A tengu warrior (D:13)
  A wretched star (Abyss:1)
  The ghost of Mavenl the Bludgeoner, an experienced GrFi of Okawaru (D:9)
  2 hell knights (Abyss:1)
  The ghost of Histuphus the Ducker, an experienced DsGl of Vehumet (D:8)
  A skeletal warrior (D:15)
  An ice devil (IceCv)
  An anaconda zombie (Abyss:1)
  An ice statue (IceCv)
  11 hill giants
  4 unseen horrors
  4 orc knights (D:15)
  A phantasmal warrior (D:15)
  A griffon (D:15)
  2 harpies (shapeshifter) (D:15)
  2 necromancers (Abyss:1)
  3 cyclopes (D:15)
  4 manticores
  An ugly thing (D:11)
  An orc sorcerer (D:15)
  2 hornets (D:15)
  An elephant (D:10)
  A guardian serpent (shapeshifter) (D:15)
  2 centaur zombies (D:15)
  2 centaur skeletons
  2 gargoyles
  3 kobold demonologists
  2 komodo dragons
  A hellwing (Abyss:1)
  A freezing wraith (D:15)
  3 blue devils (IceCv)
  A troll (D:15)
  2 two-headed ogres
  A troll (shapeshifter) (D:15)
  A hornet zombie (D:15)
  2 ravens (shapeshifter) (D:15)
  8 raiju (Abyss:1)
  A boulder beetle (D:15)
  2 centaur simulacra (D:15)
  2 basilisks
  4 slime creatures
  A raven (D:13)
  4 hungry ghosts
  2 shadows (D:15)
  2 wargs
  5 hippogriffs
  A wolf (D:11)
  A wyvern (D:11)
  2 vampire mosquitoes (D:15)
  A mottled dragon (D:11)
  A steam dragon (D:15)
  A soldier ant (D:10)
  A water moccasin (D:6)
  3 ice beasts
  2 large abominations (Abyss:1)
  An eye of draining (D:12)
  9 centaurs
  6 ogres
  9 orc warriors
  4 crocodiles
  A phantom (D:13)
  2 sky beasts
  A boggart (D:15)
  15 big kobolds
  7 giant frogs
  3 small abominations (Abyss:1)
  A water moccasin zombie (D:5)
  2 scorpions
  10 killer bees
  6 crimson imps
  3 goliath beetles
  6 hounds
  10 starcursed masses (Abyss:1)
  5 orc priests
  2 giant frog zombies
  15 jellies
  4 iguanas
  A giant frog skeleton (D:6)
  3 quasits
  9 orc wizards
  8 worker ants
  2 big kobold zombies (D:9)
  A mummy (D:10)
  A worker ant zombie (D:4)
  9 adders
  13 gnolls
  7 shadow imps
  4 giant mites
  5 white imps
  2 worms (D:2)
  3 ufetubi (IceCv)
  An adder zombie (D:9)
  35 orcs
  7 bats
  2 bat skeletons
  A bat zombie (D:8)
  A giant cockroach (D:1)
  16 hobgoblins
  25 jackals
  3 quokkas
  A ball python (D:1)
  3 giant geckos
  A giant newt (D:4)
  11 goblins
  29 kobolds
  3 kobold zombies (D:9)
  A quokka skeleton (D:9)
  A quokka zombie (D:10)
  14 rats
  3 ballistomycetes (D:15)
  2 fungi (D:15)
  A plant (D:2)
479 creatures vanquished.

Vanquished Creatures (collateral kills)
  2 hydras (D:15)
  2 deep troll earth magi (D:15)
  2 hell knights (Abyss:1)
  An ice devil (IceCv)
  An ice statue (IceCv)
  A hill giant (D:11)
  A centaur zombie (D:15)
  A smoke demon (Abyss:1)
  A centaur skeleton (D:15)
  2 trolls
  A trapdoor spider (D:15)
  Grum (D:11)
  A mottled dragon (D:15)
  2 hungry ghosts
  2 wolves (D:11)
  3 ice beasts (IceCv)
  An eye of draining (D:15)
  A jelly (D:11)
  5 white imps (IceCv)
  4 ufetubi (IceCv)
  An orc (D:15)
  A giant spore (D:15)
  A rat (D:11)
38 creatures vanquished.

Vanquished Creatures (others)
  An orc knight (D:15)
  A polar bear (Abyss:1)
  2 two-headed ogres
  3 trolls
  A small abomination (Abyss:1)
  4 ogres
  An ufetubus (IceCv)
  A giant spore (D:15)
  A ballistomycete (D:15)
  2 fungi (D:15)
  5 plants (D:15)
22 creatures vanquished.

Grand Total: 539 creatures vanquished

Notes
Turn   | Place    | Note
--------------------------------------------------------------
     0 | D:1      | gffa, the Minotaur Berserker, began the quest for the Orb.
     0 | D:1      | Reached XP level 1. HP: 19/19 MP: 1/1
   331 | D:1      | Reached XP level 2. HP: 24/27 MP: 1/1
   416 | D:1      | Reached skill level 4 in Maces & Flails
   901 | D:2      | Reached XP level 3. HP: 29/33 MP: 2/2
  1121 | D:2      | Acquired Trog's second power
  1158 | D:2      | Reached XP level 4. HP: 39/41 MP: 2/2
  1415 | D:2      | You fall through a shaft!
  1993 | D:3      | Reached skill level 5 in Maces & Flails
  2147 | D:4      | Reached skill level 5 in Fighting
  2195 | D:4      | Reached XP level 5. HP: 48/48 MP: 2/2
  2220 | D:4      | Reached skill level 1 in Evocations
  2258 | D:4      | Noticed a big kobold
  2292 | D:4      | Killed a big kobold
  2292 | D:4      | Reached XP level 6. HP: 28/56 MP: 2/4
  2732 | D:4      | Reached skill level 6 in Fighting
  2829 | D:4      | Found a radiant altar of Vehumet.
  2918 | D:4      | Acquired Trog's third power
  2918 | D:4      | Reached XP level 7. HP: 55/63 MP: 5/5
  3036 | D:5      | Entered Level 5 of the Dungeon
  3041 | D:5      | Found a sacrificial altar of Ru.
  3432 | D:5      | Found a glowing golden altar of the Shining One.
  3482 | D:5      | Reached skill level 5 in Armour
  3548 | D:5      | Found Blinkaach's Antique Weapon Shop.
  3562 | D:5      | Bought a twisted scythe for 152 gold pieces
  3576 | D:5      | Found a sparkling altar of Nemelex Xobeh.
  3576 | D:5      | Found an ancient bone altar of Kikubaaqudgha.
  3778 | D:6      | Found a staircase to the Ecumenical Temple.
  3789 | Temple   | Entered the Ecumenical Temple
  4971 | D:6      | Found an iron altar of Okawaru.
  5209 | D:7      | Reached skill level 7 in Fighting
  5234 | D:7      | Reached XP level 8. HP: 68/73 MP: 6/6
  5290 | D:7      | Found Cliegaong's Antique Weapon Boutique.
  5330 | D:7      | Identified the +10 scythe "Goblinslayer" {holy, rElec Int+2} (You bought it in a shop on level 5 of the Dungeon)
  5394 | D:7      | Reached skill level 1 in Polearms
  5577 | D:8      | Noticed Histuphus' ghost (experienced DsGl)
  5585 | D:8      | Killed Histuphus' ghost
  5585 | D:8      | Reached skill level 5 in Dodging
  5901 | D:8      | Reached skill level 8 in Fighting
  5901 | D:8      | Reached XP level 9. HP: 81/81 MP: 10/10
  6034 | D:8      | Reached skill level 5 in Polearms
  6802 | D:9      | Noticed Mavenl's ghost (experienced GrFi)
  6809 | D:9      | Killed Mavenl's ghost
  6849 | D:9      | Reached skill level 5 in Evocations
  6851 | D:9      | Reached skill level 9 in Fighting
  6872 | D:9      | Reached XP level 10. HP: 91/91 MP: 12/12
  6878 | D:9      | Received a gift from Trog
  7024 | D:9      | Noticed a hill giant
  7031 | D:9      | Killed a hill giant
  7466 | D:9      | Found Scharoudy's Weapon Shop.
  7614 | D:9      | Found a shimmering altar of Xom.
  7950 | D:10     | Entered Level 10 of the Dungeon
  7983 | D:10     | Got a crude plate armour
  7984 | D:10     | Identified the +8 plate armour "Xyinker" {rElec rCorr Str+2 Int+4} (You found it on level 10 of the Dungeon)
  8002 | D:10     | Killed an unseen horror
  8220 | D:10     | Noticed a hill giant
  8229 | D:10     | Killed a hill giant
  8229 | D:10     | Reached skill level 10 in Fighting
  8487 | D:10     | Found a staircase to the Lair.
  8488 | D:10     | Noticed an elephant
  8512 | D:10     | Killed an elephant
  8512 | D:10     | Reached XP level 11. HP: 69/99 MP: 14/16
  9024 | D:11     | Noticed Grum
  9032 | D:11     | Killed Grum
  9275 | D:11     | Noticed a hill giant
  9279 | D:11     | Killed a hill giant
  9279 | D:11     | Reached skill level 1 in Stealth
  9326 | D:11     | Noticed alexspacey's ghost (powerful DsBe)
  9339 | D:11     | Killed alexspacey's ghost
  9402 | D:11     | Reached skill level 1 in Throwing
  9657 | D:11     | Noticed a hill giant
  9665 | D:11     | Killed a hill giant
 10141 | D:12     | Reached skill level 10 in Armour
 10452 | D:12     | Found a staircase to the Orcish Mines.
 11188 | D:13     | Reached skill level 11 in Fighting
 11188 | D:13     | Reached skill level 10 in Polearms
 11244 | D:13     | Found a frozen archway.
 11252 | IceCv    | Entered an ice cave
 11417 | IceCv    | Received a gift from Trog
 11423 | IceCv    | Noticed an ice statue
 11423 | IceCv    | Noticed an ice statue
 11430 | IceCv    | Killed an ice statue
 11431 | IceCv    | Killed an ice statue
 11463 | IceCv    | Reached XP level 12. HP: 72/110 MP: 19/19
 11623 | IceCv    | Noticed an ice devil
 11629 | IceCv    | Killed an ice devil
 11641 | IceCv    | Noticed an ice devil
 11647 | IceCv    | Killed an ice devil
 11931 | D:13     | Noticed a hill giant
 11935 | D:13     | Killed a hill giant
 12001 | D:13     | Noticed a tengu warrior
 12018 | D:13     | Killed a tengu warrior
 12196 | D:13     | Noticed a hill giant
 12205 | D:13     | Killed a hill giant
 12423 | D:13     | Noticed an unseen horror
 12426 | D:13     | Killed an unseen horror
 12443 | D:13     | Found a large runed door.
 12443 | D:13     | Found a large runed door.
 12447 | D:13     | You fall through a shaft for 2 floors!
 12447 | D:15     | Entered Level 15 of the Dungeon
 12450 | D:15     | Noticed a five-headed hydra
 12454 | D:15     | Killed a seven-headed hydra
 12499 | D:15     | Noticed a fire dragon
 12509 | D:15     | Killed a fire dragon
 12768 | D:15     | Received a gift from Trog
 12768 | D:15     | Reached skill level 10 in Dodging
 12788 | D:15     | Noticed a storm dragon
 12796 | D:15     | Reached skill level 5 in Throwing
 12812 | D:15     | Killed a storm dragon
 13049 | D:15     | Noticed a six-headed hydra
 13061 | D:15     | Reached skill level 12 in Fighting
 13073 | D:15     | Killed a 11-headed hydra
 13082 | D:15     | Received a gift from Trog
 13220 | D:15     | Reached XP level 13. HP: 97/118 MP: 21/21
 13365 | D:15     | Noticed a seven-headed hydra
 13372 | D:15     | Noticed a centaur warrior
 13373 | D:15     | Killed a ten-headed hydra
 13384 | D:15     | Killed a centaur warrior
 13436 | D:15     | Noticed a centaur warrior
 13793 | D:15     | Noticed a yaktaur captain
 13803 | D:15     | Killed a yaktaur captain
 13912 | D:15     | Found a snail-covered altar of Cheibriados.
 13916 | D:15     | Found a bloodstained altar of Trog.
 13916 | D:15     | Found a white marble altar of Elyvilon.
 13952 | D:15     | Paralysed by a hornet for 2 turns
 14381 | D:15     | Noticed an ogre mage
 14394 | D:15     | Killed an ogre mage
 14580 | D:15     | Received a gift from Trog
 15303 | D:15     | Killed a centaur warrior
 15309 | D:15     | Noticed a deep troll earth mage
 15318 | D:15     | Killed a deep troll earth mage
 15339 | D:15     | Reached skill level 10 in Evocations
 15574 | D:15     | Identified a scroll of acquirement
 15672 | D:15     | Noticed a deep troll earth mage
 15674 | D:15     | Noticed a five-headed hydra
 15676 | D:15     | Killed a deep troll earth mage
 15678 | D:15     | Killed a five-headed hydra
 15788 | D:15     | Reached skill level 13 in Fighting
 15934 | D:15     | Reached XP level 14. HP: 58/129 MP: 24/24
 16236 | D:15     | Noticed an eight-headed hydra
 16249 | D:15     | Killed a 13-headed hydra
 16763 | D:15     | Cast into the Abyss (skeletal warrior)
 16942 | Abyss:1  | Found a radiant altar of Vehumet.
 17014 | Abyss:1  | Paralysed by accursed screaming for 1 turns
 17142 | Abyss:1  | Received a gift from Trog
 17193 | Abyss:1  | Noticed an Executioner
 17204 | Abyss:1  | Killed an Executioner
 17379 | Abyss:1  | Found a corrupted altar of Lugonu.
 17467 | Abyss:1  | Noticed a Hell Sentinel
 17496 | Abyss:1  | Noticed a revenant
 17502 | Abyss:1  | Killed a revenant
 17517 | Abyss:1  | Killed from afar by a green death

Action                   |  1- 3 |  4- 6 |  7- 9 | 10-12 | 13-15 || total
-------------------------+-------+-------+-------+-------+-------++-------
Melee: Mace              |    58 |    56 |       |       |       ||   114
       Flail             |       |   129 |   133 |       |       ||   262
       Short sword       |       |    16 |       |       |       ||    16
       Scythe            |       |       |   108 |   476 |   387 ||   971
Throw: Tomahawk          |       |       |     5 |     7 |     8 ||    20
Invok: Berserk           |       |     4 |     5 |    13 |    15 ||    37
       Burn Spellbooks   |       |       |     2 |       |     1 ||     3
       Brothers in Arms  |       |       |       |     9 |    11 ||    20
Evoke: Wand              |       |     3 |       |     1 |    18 ||    22
  Use: Scroll            |     2 |     3 |     5 |     9 |     9 ||    28
       Potion            |       |       |     2 |     2 |     8 ||    12
  Eat: Chunk             |       |     8 |     6 |    26 |    11 ||    51
       Bread ration      |       |     1 |     1 |       |     2 ||     4
       Fruit             |       |       |     3 |     6 |     3 ||    12
       Beef jerky        |       |       |     1 |     1 |       ||     2
       Meat ration       |       |       |       |     1 |     2 ||     3
       Pizza             |       |       |       |       |     1 ||     1
